 Dungeon Crawl Stone Soup version 0.19.0-19-g8c6edcc (webtiles) character file.

3126 JeffiDaFish the Blocker (level 9, 0/61 HPs)
             Began as a Gargoyle Fighter on Nov 16, 2016.
             Was a Follower of Makhleb.
             Slain by a blink frog (9 damage)
             ... on level 1 of the Lair of Beasts.
             The game lasted 00:19:22 (7073 turns).

JeffiDaFish the Blocker (Gargoyle Fighter)          Turns: 7073, Time: 00:19:22

Health: 0/61       AC: 17    Str: 22    XL:     9   Next: 92%
Magic:  9/9        EV:  5    Int:  9    God:    Makhleb [*.....]
Gold:   420        SH: 19    Dex: 10    Spells: 0 memorised, 8 levels left

rFire  . . .     SeeInvis +     a - +3 flail
rCold  . . .     Gourm    .     e - +0 chain mail
rNeg   + . .     Faith    .     s - +2 large shield
rPois  ∞         Spirit   .     d - +0 helmet
rElec  +         Reflect  .     (no cloak)
rCorr  .         Harm     .     (no gloves)
MR     .....                    (no boots)
Stlth  ..........               t - amulet of regeneration
                                (no ring)
                                u - ring of see invisible

@: no status effects
A: negative energy resistance 1, robust 1, electricity resistance, unbreathing,
petrification resistance, rot immunity, AC +5
a: Renounce Religion


You were on level 1 of the Lair of Beasts.
You worshipped Makhleb.
Makhleb was aware of your devotion.
You were hungry.

You visited 2 branches of the dungeon, and saw 9 of its levels.

You collected 420 gold pieces.

Inventory:

Hand Weapons
 a - a +3 flail (weapon)
Armour
 d - a +0 helmet (worn)
 e - a +0 chain mail (worn)
 s - a +2 large shield (worn)
Jewellery
 t - an amulet of regeneration (around neck)
 u - a ring of see invisible (left hand)
Wands
 p - a wand of confusion (18/48)
Scrolls
 c - a scroll of teleportation
 g - a scroll of fear
 i - 6 scrolls of remove curse
 k - 4 scrolls of identify
 q - 2 scrolls of amnesia
 r - a scroll of enchant armour
Potions
 j - a potion of invisibility
 l - a potion of cancellation
 m - 5 potions of flight
Comestibles
 f - 5 bread rations
 h - a beef jerky
 n - 3 meat rations
 o - a royal jelly


   Skills:
 + Level 6.4 Fighting
 + Level 8.6 Maces & Flails
 + Level 6.2 Armour
 + Level 2.0 Dodging
 + Level 0.8 Stealth
 + Level 8.8 Shields


You had 8 spell levels left.
You didn't know any spells.

Dungeon Overview and Level Annotations

Branches:
Dungeon (8/15)             Temple (0/1) D:7            Lair (1/6) D:8

Altars:
Ashenzari
Elyvilon
Gozag
Hepliaklqana
Makhleb
Nemelex Xobeh
Okawaru
Ru
Vehumet
Yredelemnul

Shops:
D:4 !   D:5 :


Innate Abilities, Weirdness & Mutations

You are resistant to torment.
Your stone body is resilient. (AC +5)
You are immune to poison.
You resist negative energy. (rN+)
You are resistant to electric shocks. (rElec)
You can survive without breathing.
You are immune to petrification.
You are immune to rotting.
You are robust. (+10% HP)


Message History

The blink frog hits you.
* * * LOW HITPOINT WARNING * * *
The blink frog blinks!
You miss the blink frog.
The blink frog is heavily wounded.
The blink frog hits you but does no damage.
The blink frog blinks!
The blink frog hits you.
* * * LOW HITPOINT WARNING * * *
The blink frog blinks! x2
You block the blink frog's attack.
The blink frog blinks!
The blink frog barely misses you.
You closely miss the blink frog.
The blink frog is heavily wounded.
The blink frog hits you.
* * * LOW HITPOINT WARNING * * *
The blink frog blinks! x2; You block the blink frog's attack.
You sock the blink frog!
The blink frog is almost dead.
The blink frog hits you!
You die...

#............##.###
#...#####..........
.. #.###
#...####### .. #.##
#...##P###. .# #
#<.# #.......... §#
.. #.##
##..#####..#.# #..#
#.# #.F§# ...#.....
#.#
##.§######.......#
#.# #.FF@F......%#
#..
#.#F########....#
..# ###.# .#..# ###
#.# # # #.# ..# #.#
..#


You could see 5 blink frogs.

Vanquished Creatures
  Grinder (D:5)
  The ghost of LostInTranslocation the Slasher, an amateur HEAK of Lugonu (D:4)
  A porcupine (Lair:1)
  A sky beast (D:6)
  5 ice beasts
  An orc warrior (D:7)
  2 phantoms
  4 centaurs
  2 ogres
  The ghost of RighteousDevil the Chiller, an amateur DrIE (D:3)
  4 bullfrogs
  A water moccasin skeleton (D:8)
  2 scorpions
  2 crimson imps
  A bullfrog zombie (D:3)
  4 hounds
  2 jellies
  A gnoll shaman (D:8)
  A centaur skeleton (D:5)
  An orc priest (D:3)
  3 orc wizards
  3 worker ants
  Natasha (twice) (D:4)
  A hound zombie (D:8)
  A hound skeleton (D:6)
  A howler monkey zombie (D:8)
  7 gnolls
  8 adders
  A howler monkey skeleton (D:7)
  A shadow imp (D:5)
  4 oozes
  An adder skeleton (D:8)
  A worm (D:4)
  A dart slug (D:1)
  7 leopard geckos
  18 orcs
  3 ball pythons
  4 giant cockroaches
  4 hobgoblins
  25 jackals
  8 kobolds
  6 quokkas
  8 bats
  3 frilled lizards
  6 goblins
  A jackal skeleton (D:7)
  2 leopard gecko skeletons
  A leopard gecko zombie (D:8)
  A quokka zombie (D:5)
  11 rats
181 creatures vanquished.

Notes
Turn   | Place    | Note
-------+----------+-------------------------------------------
     0 | D:1      | JeffiDaFish the Gargoyle Fighter began the quest for the Orb.
     0 | D:1      | Reached XP level 1. HP: 14/14 MP: 1/1
   178 | D:1      | Reached XP level 2. HP: 7/19 MP: 2/2
   883 | D:1      | Reached XP level 3. HP: 23/23 MP: 3/3
  1198 | D:2      | Found a faded altar of an unknown god.
  1265 | D:2      | Found a hazy altar of Hepliaklqana.
  1544 | D:2      | Reached XP level 4. HP: 29/29 MP: 4/4
  1625 | D:2      | Found a basalt altar of Yredelemnul.
  1881 | D:3      | Found a sparkling altar of Nemelex Xobeh.
  1948 | D:3      | Gained mutation: You are robust. (+10% HP) [potion of beneficial mutation]
  2214 | D:3      | Reached XP level 5. HP: 36/36 MP: 5/5
  2219 | D:3      | Found a shattered altar of Ashenzari.
  2276 | D:3      | Noticed RighteousDevil's ghost (amateur DrIE)
  2290 | D:3      | Killed RighteousDevil's ghost
  2290 | D:3      | Reached skill level 1 in Dodging
  2704 | D:3      | Reached XP level 6. HP: 8/41 MP: 6/6
  3109 | D:3      | Reached skill level 5 in Shields
  3404 | D:4      | Noticed LostInTranslocation's ghost (amateur HEAK)
  3434 | D:4      | Killed LostInTranslocation's ghost
  3434 | D:4      | Reached XP level 7. HP: 7/48 MP: 7/7
  3815 | D:4      | Reached skill level 5 in Maces & Flails
  3834 | D:4      | Found an iron altar of Okawaru.
  3858 | D:4      | Noticed Natasha
  3866 | D:4      | Killed Natasha
  3914 | D:4      | Noticed Natasha
  3922 | D:4      | Killed Natasha
  3950 | D:4      | Found Caschoj's Distillery.
  4126 | D:5      | Entered Level 5 of the Dungeon
  4155 | D:5      | Reached XP level 8. HP: 43/52 MP: 8/8
  4352 | D:5      | Reached skill level 5 in Fighting
  4352 | D:5      | Reached skill level 5 in Armour
  4370 | D:5      | Found an opulent altar of Gozag.
  4403 | D:5      | Found Adomnoes's Book Shoppe.
  4429 | D:5      | Noticed Grinder
  4449 | D:5      | Paralysed by Grinder for 7 turns
  4467 | D:5      | Killed Grinder
  4780 | D:6      | HP: 2/55 [hound (4)]
  5085 | D:6      | Reached XP level 9. HP: 57/59 MP: 9/9
  5889 | D:7      | Found an iron altar of Okawaru.
  5889 | D:7      | Found a sacrificial altar of Ru.
  5895 | D:7      | Found a white marble altar of Elyvilon.
  5897 | D:7      | Found a burning altar of Makhleb.
  5899 | D:7      | Found a radiant altar of Vehumet.
  5905 | D:7      | Became a worshipper of Makhleb the Destroyer
  5927 | D:7      | Found a staircase to the Ecumenical Temple.
  6654 | D:8      | Found a staircase to the Lair.
  6713 | D:8      | Reached * piety under Makhleb
  6945 | Lair:1   | Entered Level 1 of the Lair of Beasts
  7073 | Lair:1   | Slain by a blink frog

Skill      XL: |  1  2  3  4  5  6  7  8  9 |
---------------+----------------------------+-----
Shields        | 4 5 6 7 8 |  8.8
Maces & Flails | 3 4 5 7 8 |  8.6
Dodging        | 1 2 |  2.0
Fighting       | 4 5 6 |  6.4
Armour         | 4 5 6 |  6.2
Stealth        | |  0.8

Action                   |  1- 3 |  4- 6 |  7- 9 || total
-------------------------+-------+-------+-------++-------
Melee: Flail             |   184 |   211 |   495 ||   890
  Use: Scroll            |    13 |     4 |     4 ||    21
       Potion            |     4 |     4 |     8 ||    16
  Eat: Chunk             |     2 |     7 |     8 ||    17
       Royal jelly       |       |       |     1 ||     1
       Fruit             |       |       |     1 ||     1
       Beef jerky        |       |       |     1 ||     1
Armor: Chain mail        |   145 |   149 |   221 ||   515
Dodge: Dodged            |    44 |    41 |   109 ||   194
Block: Shield            |   156 |   173 |   159 ||   488
       Large shield      |       |       |   308 ||   308
